 Dungeon Crawl Stone Soup version 0.24.0-1-gfbc8707 (webtiles) character file.

Game seed: 12338873109209807581, levelgen mode: deterministic

24 Illumine the Vexing (level 2, -2/15 HPs)
             Began as a Deep Elf Enchanter on Nov 4, 2019.
             Slain by a quokka (3 damage)
             ... on level 1 of the Dungeon.
             The game lasted 00:02:11 (1015 turns).

Illumine the Vexing (Deep Elf Enchanter)            Turns: 1015, Time: 00:02:11

Health: -2/15      AC:  2    Str:  5    XL:     2   Next: 79%
Magic:  4/8        EV: 13    Int: 19    God:
Gold:   52         SH:  0    Dex: 15    Spells: 5/8 levels left

rFire    . . .     SeeInvis .   a - +1 dagger
rCold    . . .     Gourm    .   (no shield)
rNeg     . . .     Faith    .   b - +0 robe
rPois    .         Spirit   .   (no helmet)
rElec    .         Reflect  .   (no cloak)
rCorr    .         Harm     .   (no gloves)
MR       .....                  (no boots)
Stlth    +++.......             (no amulet)
HPRegen  0.05/turn              (no ring)
MPRegen  0.11/turn              (no ring)

@: no status effects
A: no striking features
a: no special abilities


You were on level 1 of the Dungeon.
You were hungry.

You visited 1 branch of the dungeon, and saw 2 of its levels.

You collected 52 gold pieces.

Inventory:

Hand Weapons
 a - a +1 dagger (weapon)
Missiles
 f - a throwing net (quivered)
Armour
 b - a +0 robe (worn)
Scrolls
 c - 5 scrolls of identify {unknown}
 e - a scroll of enchant armour {unknown}
 g - a scroll of fear {unknown}
Potions
 h - a potion of mutation {unknown}
 i - a potion of berserk rage {unknown}
 j - a potion of agility {unknown}
Comestibles
 d - a ration


   Skills:
 - Level 1.0 Short Blades
 - Level 2.4 Dodging
 + Level 3.9 Stealth
 + Level 3.8 Spellcasting
 + Level 4.6 Hexes


You had 5 spell levels left.
You knew the following spells:

 Your Spells              Type           Power        Failure   Level  Hunger
a - Corona                Hex            ###....      1%          1    None
b - Ensorcelled Hibernat  Hex/Ice        ##....       9%          2    ##.....

Your spell library contained the following spells:

 Spells                   Type           Power        Failure   Level  Hunger
 Confuse                  Hex            ###.....     6%          3    ###....
 Tukima's Dance           Hex            ###.....     6%          3    ###....
 Dazzling Spray           Conj/Hex       ##....       16%         3    ###....


Dungeon Overview and Level Annotations

Branches:
Dungeon (2/15)

Altars:
Ashenzari
Hepliaklqana
Ru

Annotations:
D:2 1 transporter


Message History

The slug dart hits you.
* * * LOW HITPOINT WARNING * * *
Found a transporter.
The quokka bites you but does no damage.
Found a thin citrine amulet.
A bat comes into view.
Found 13 gold pieces.
Found a hazy altar of Hepliaklqana.
The bat barely misses you.
Found a smoky amethyst potion and 11 gold pieces.
Found a sacrificial altar of Ru.
There is an escape hatch in the ceiling here.
The ball python hisses angrily.
The bat closely misses you. The quokka barely misses you.
A mysterious force pulls you upwards. The hatch slams shut behind you.
You hit the quokka but do no damage.
The quokka bites you but does no damage.
You closely miss the quokka. The quokka bites you.
* * * LOW HITPOINT WARNING * * *
You hit the quokka but do no damage. The quokka bites you.
You die...

#########.###
#.........>.######
#.#######.#.....>.
#.# #.#.###### #.#
#.#.#
#.#######.#.#
#.#.......#.######
#r#.#######.......
#@#.# #.######
#.#.# #.# #.#.#
#.# #.#.#######.#
#...........#
###.######### #.#
#.# #.#


You could see a quokka.

Vanquished Creatures
  2 dart slugs (D:1)
  2 leopard geckos
  A giant cockroach (D:1)
  2 goblins (D:1)
  3 hobgoblins
  A kobold (D:1)
  2 bats (D:1)
  3 frilled lizards
  3 rats (D:1)
19 creatures vanquished.

Notes
Turn   | Place    | Note
-------+----------+-------------------------------------------
     0 | D:1      | Illumine the Deep Elf Enchanter began the quest for the
                  | Orb.
     0 | D:1      | Reached XP level 1. HP: 10/10 MP: 6/6
   322 | D:1      | Reached XP level 2. HP: 15/15 MP: 6/8
   326 | D:1      | Learned a level 2 spell: Ensorcelled Hibernation
   342 | D:1      | Found a shattered altar of Ashenzari.
  1007 | D:2      | Found a transporter.
  1009 | D:2      | Found a hazy altar of Hepliaklqana.
  1010 | D:2      | Found a sacrificial altar of Ru.
  1015 | D:1      | Slain by a quokka

Levels and vault maps discovered:
D:1:      dpeg_arrival_erosion, layout_loops_ring, evilmike_ruin_ashenzari
D:2:      layout_loops_cross, lemuel_crystal_altar,
          gammafunk_temple_overflow_arena, nicolae_ru_awakened_eye

Action                   || total
-------------------------++-------
Melee: Dagger            ||    39
 Cast: Corona            ||     5
       Ensorcelled Hiber ||     8
 Stab: Sleeping          ||    11
Armor: Robe              ||     3
Dodge: Dodged            ||    32
